Cogmind - Beta 16 *** ADVENTURER MODE // 2025.11.24 @ 09:49:33 Player: shisihs Result: Destroyed by Y-54 Guardian with Flak Gun Performance ------------- Evolutions (3) 1500 Regions Visited (4) 800 Robots Destroyed (39) 195 Value Destroyed (1261) 1261 Prototype IDs (1) 20 Alien Tech Used (0) 0 Bonus (0) 0 TOTAL SCORE: 3776 Bonus ------- None Cogmind --------- Core Integrity 0/700 Matter 12/300 Energy 100/100 System Corruption 3% Temperature Cool (27) Movement Core (2700) Ox53 Location -7/Factory Parts ------- > --- POWER (2) -------- (None) > --- PROPULSION (4) --- (None) > --- UTILITY (5) ------ Huge Storage Unit Huge Storage Unit Terrain Scan Processor > --- WEAPON (2) ------- (None) > --- INVENTORY (25) --- Light Ion Engine Light Ion Engine Improved Ion Engine Light Nuclear Core Light Treads Improved Heat Sink Large Storage Unit Large Storage Unit Improved Signal Interpreter Terrain Scan Processor Seismic Detector Field Laser Matter Neutralizer Improved Datajack Great Maul Great Maul Peak State ------------ > --- POWER ------------ Ion Engine Light Nuclear Core > --- PROPULSION ------- Aluminum Leg Aluminum Leg Aluminum Leg Aluminum Leg > --- UTILITY ---------- Huge Storage Unit Huge Storage Unit Medium Battery Signal Interpreter Terrain Scan Processor > --- WEAPON ----------- Mini Grenade Launcher Mining Claw > --- INVENTORY -------- Light Ion Engine Light Ion Engine Light Ion Engine Improved Ion Engine Light Nuclear Core Light Treads Improved Heat Sink Large Storage Unit Large Storage Unit Improved Signal Interpreter Terrain Scan Processor Seismic Detector Shield Generator Field Laser Matter Neutralizer Improved Datajack Great Maul Great Maul [Rating: 21] Favorites ----------- Power Ion Engine Engine Ion Engine Power Core Light Nuclear Core Propulsion Aluminum Leg Treads Light Treads Leg Aluminum Leg Utility Huge Storage Unit Device Terrain Scanner Storage Huge Storage Unit Processor Terrain Scan Processor Protection Core Shielding Weapon Assault Rifle Energy Gun Improved EM Shotgun Energy Cannon Matter Neutralizer Ballistic Gun Assault Rifle Ballistic Cannon Assault Cannon Launcher Mini Grenade Launcher Slashing Weapon Mining Claw Special Melee Weapon Datajack Build | -11 -10 -9 -8 -7 ------- Run | Yrd Mat Mat Mat Fac Slots Evolved 6 | . . 2 2 2 Power 1 | . . . 1 . Propulsion 2 | . . . 1 1 Utility 3 | . . 2 . 1 Weapon . | . . . . . Parts Attached 49 | 5 7 9 21 7 Power 10 | 1 1 . 6 2 Engine 8 | 1 1 . 4 2 Core 2 | . . . 2 . Reactor . | . . . . . Propulsion 14 | 1 3 1 8 1 Treads 3 | . . . 3 . Leg 11 | 1 3 1 5 1 Wheel . | . . . . . Hover . | . . . . . Flight . | . . . . . Utility 12 | 1 3 4 2 2 Device 4 | . . 2 1 1 Storage 5 | 1 3 . 1 . Processor 2 | . . 1 . 1 Hackware . | . . . . . Protection 1 | . . 1 . . Artifact . | . . . . . Weapon 13 | 2 . 4 5 2 Energy Gun 1 | . . . 1 . Energy Cannon 1 | . . . . 1 Ballistic Gun 6 | 2 . 2 2 . Ballistic Cannon 1 | . . . 1 . Launcher 2 | . . 1 1 . Special Weapon . | . . . . . Impact Weapon . | . . . . . Slashing Weapon 1 | . . . . 1 Piercing Weapon . | . . . . . Special Melee Weapon 1 | . . 1 . . Unidentified Prototypes 1 | . . . 1 . Parts Lost 40 | . . 5 22 13 Power 10 | . . . 6 4 Propulsion 13 | . . 1 8 4 Utility 5 | . . 1 2 2 Weapon 12 | . . 3 6 3 Highest Loss Streak 18 | . . 3 18 12 To Critical Strikes . | . . . . . Average Backups 15 | 3 7 16 16 17 Power 4 | . 1 4 4 4 Propulsion 4 | 2 4 6 3 1 Utility 3 | . 2 2 4 6 Weapon 2 | . . 1 3 3 Tool/Special . | . . . . . Unused Backups 13 | . 2 . . 11 Power 4 | . . . . 4 Propulsion 1 | . 1 . . . Utility 2 | . . . . 2 Weapon 5 | . 1 . . 4 Tool/Special 1 | . . . . 1 Average Slot Usage (%) 94 | . 94 99 93 85 Engine 11 | . 14 11 13 5 Core 1 | . . . 2 5 Treads 1 | . . . 3 . Leg 22 | . 24 21 20 23 Device 5 | . . 14 2 . Storage 21 | . 26 22 19 21 Processor 7 | . . 7 9 12 Protection 1 | . . . 4 . Ballistic Gun 13 | . 28 18 7 . Launcher 4 | . . 2 8 6 Slashing Weapon 1 | . . . . 6 Peak Build Rating 21 | 5 8 14 19 21 Average Rating 13 | 4 6 11 15 18 On Entrance 8 | . 5 8 13 17 Avg Prop Armor Cover (%) . | . . . . . Naked Turns . | . . . . . Heaviest Build 176 | 14 91 93 176 175 Greatest Support 60 | 10 20 20 60 40 Greatest Overweight (x) 55 | 1 4 4 29 55 Average Overweight (x) 3 | . 1 4 3 4 Largest Inventory Capacity 25 | 8 25 25 25 25 Average Capacity 23 | 6 17 25 25 25 Most Carried 24 | 5 13 23 24 20 Average Carried 15 | 3 7 16 16 17 Final Capacity 25 | 8 25 25 25 25 Final Carried 20 | 4 13 20 18 16 Class Distribution -------------------- 62% | Mutant 37% | Scavenger-Mutant Dominant Class ---------------- Mutant | -10/Materials Mutant | -9/Materials Scavenger-Mutant | -8/Materials Scavenger-Mutant | -7/Factory Resources | -11 -10 -9 -8 -7 ----------- Run | Yrd Mat Mat Mat Fac Matter Collected 880 | 163 234 208 240 35 Remotely . | . . . . . Salvage Created 1016 | . 314 336 312 54 Parts 81 | . 26 27 19 9 Haulers Intercepted . | . . . . . Recyclers Shooed 1 | . . 1 . . Parts Field Recycled . | . . . . . Retrieved Matter . | . . . . . Parts Self-Destructed . | . . . . . Prevented . | . . . . . Parts Restored . | . . . . . Kills | -11 -10 -9 -8 -7 ------- Run | Yrd Mat Mat Mat Fac Combat Hostiles Destroyed 31 | . 8 13 8 2 Guns 14 | . 8 3 3 . Cannons 1 | . . . 1 . AOE 16 | . . 10 4 2 Classes Destroyed 10 | . 1 5 . 4 Worker 2 | . . . . 2 Builder 2 | . . 1 1 . Tunneler 1 | . . . . 1 Recycler 1 | . . 1 . . Watcher 2 | . . 1 1 . Swarmer 6 | . . 6 . . Grunt 19 | . 8 6 5 . Sentry 4 | . . 1 3 . Hunter 1 | . . . . 1 Programmer 1 | . . . . 1 Best Kill Streak 4 | . 3 4 4 3 Combat Bots Only 4 | . 3 4 3 1 Max Kills in Single Turn 4 | . 1 4 2 2 Gunslinging . | . . . . . Exploded 4 | . . 4 1 1 Melee . | . . . . . Uniques/NPCs Destroyed . | . . . . . Combat | -11 -10 -9 -8 -7 -------- Run | Yrd Mat Mat Mat Fac Hostile Shots Fired 807 | . 62 96 239 410 Missed 271 | . 12 37 58 164 Hits 536 | . 50 59 181 246 Projectile 536 | . 50 59 181 246 Critical Strikes 11 | . . 2 6 3 Actively Blocked 1 | . . . 1 . Damage Taken 5097 | . 419 781 2254 1643 Core 1560 | . 107 235 518 700 Absorbed by Shields 110 | . . . . 110 Redirected to Shielding 50 | . . 4 46 . Ignored by Resistances 1482 | . 130 146 636 570 Core Remaining (%) 50 | 100 57 41 5 . Volleys Fired 86 | . 22 21 31 12 Largest 2 | . 2 2 2 1 Hottest 105 | . 40 53 57 105 Shots Fired 131 | . 44 41 34 12 Gun 95 | . 44 29 22 . Cannon 6 | . . . 3 3 Launcher 30 | . . 12 9 9 Special . | . . . . . Kinetic 98 | . 44 29 25 . Thermal 3 | . . . . 3 Explosive 30 | . . 12 9 9 Electromagnetic . | . . . . . Robot Hit Streak 18 | . 10 17 18 12 Robot Miss Streak 3 | . 2 2 3 . Penetration Max . | . . . . . Secondary Targets 2 | . 1 1 . . Max Gunslinging Chain 1 | . 1 1 . . Shots Hit Robots 105 | . 34 30 29 12 Core Hits 64 | . 14 19 20 11 Critical Kills 1 | . . . 1 . Critical Parts Destroyed . | . . . . . Critical Strikes 1 | . . . 1 . Destroy 1 | . . . 1 . Melee Attacks 1 | . . . 1 . Impact . | . . . . . Slashing . | . . . . . Piercing . | . . . . . Sneak Attacks . | . . . . . Combat Hostiles . | . . . . . Follow-up Attacks . | . . . . . Damage Inflicted 2748 | . 450 1029 703 566 Guns 928 | . 450 223 255 . Cannons 169 | . . . 63 106 Explosions 1642 | . . 806 376 460 Melee . | . . . . . Ramming 9 | . . . 9 . Kinetic 991 | . 450 223 318 . Thermal 106 | . . . . 106 Explosive 1642 | . . 806 376 460 Electromagnetic . | . . . . . Impact . | . . . . . Slashing . | . . . . . Piercing . | . . . . . Highest Corruption 6 | . . 6 3 3 Average Corruption 3 | . . 6 3 2 Corruption Purged . | . . . . . Corruption Blocked . | . . . . . Effects 12 | . . 2 10 . Message Errors 4 | . . . 4 . Matter Fused 1 | . . . 1 . Heat Flow Errors 2 | . . . 2 . Energy Discharges 1 | . . . 1 . Parts Fused 1 | . . 1 . . Data Loss (minor) 1 | . . . 1 . Data Loss (major) 1 | . . . 1 . Misfires 1 | . . 1 . . Overload Shots . | . . . . . Overflow Damage 64 | . . 64 . . Projectiles . | . . . . . Explosions 64 | . . 64 . . Melee . | . . . . . Knockbacks . | . . . . . Impact . | . . . . . Kinetic . | . . . . . Secondary . | . . . . . Self-Inflicted Damage 59 | . . 33 26 . Shots 5 | . . 3 2 . Rammed . | . . . . . Targets Rammed 1 | . . . 1 . Kicked 1 | . . . 1 . Crushed . | . . . . . Highest Temperature 273 | . 5 52 273 120 Average Temperature 68 | . 5 21 95 46 Received Heat Transfer 2559 | . 303 153 1341 762 Effects 1 | . . . 1 . Interference 1 | . . . 1 . Siege Activations . | . . . . . Martial Activations . | . . . . . Shielding Activations . | . . . . . Robots Disrupted . | . . . . . Combat Hostiles . | . . . . . Robots Corrupted . | . . . . . Combat Hostiles . | . . . . . Parts Fried . | . . . . . Impact Corruptions . | . . . . . Robots Melted . | . . . . . Combat Hostiles . | . . . . . Parts Melted . | . . . . . Heat Transferred 111 | . . . . 111 Parts Sabotaged . | . . . . . Parts Stolen . | . . . . . Parts Stripped . | . . . . . Power Chain Reactions . | . . . . . Alert | -11 -10 -9 -8 -7 ------- Run | Yrd Mat Mat Mat Fac Maximum Alert Level . | . . . . . Low Security (%) 100 | 100 100 100 100 100 Level 1 . | . . . . . Level 2 . | . . . . . Level 3 . | . . . . . Level 4 . | . . . . . Level 5 . | . . . . . High Security . | . . . . . Max Security . | . . . . . Peak Influence 143 | . 70 143 113 102 Initial 47 | . . 14 47 . Average 19 | . 8 33 22 7 Influence Increases 1110 | . 194 448 335 133 Destroy 0b10 Robot/C 620 | . 160 260 160 40 Destroy 0b10 Robot/NC 40 | . . 15 10 15 Destroy Leader 154 | . 30 52 52 20 Successful Hack 7 | . 4 3 . . Disable Machine 90 | . . 36 27 27 Destroy Structure 169 | . . 67 71 31 Lose Combat Pursuer 30 | . . 15 15 . Influence Decreases 1110 | . 154 355 468 133 Entered New Map 112 | . . 26 86 . Time Decay 763 | . 154 299 250 60 Lost Part 235 | . . 30 132 73 Squads Dispatched 5 | . 2 1 1 1 Investigation 2 | . 2 . . . Extermination 1 | . . . . 1 Reinforcement 2 | . . 1 1 . Assault . | . . . . . Garrison . | . . . . . Intercept . | . . . . . Searches Triggered . | . . . . . Construction Impeded 1 | . . . 1 . Haulers Reinforced . | . . . . . Active Scanning Responses . | . . . . . Cargo Convoy Interrupts . | . . . . . Stealth | -11 -10 -9 -8 -7 --------- Run | Yrd Mat Mat Mat Fac Distress Signals 4 | . . 3 1 . Communications Jammed . | . . . . . Distress Signals . | . . . . . Times Spotted 55 | . 10 23 16 6 Peak Tracking Total 8 | . 3 8 6 3 Tactical Retreats 2 | . . 1 1 . Traps | -11 -10 -9 -8 -7 ------- Run | Yrd Mat Mat Mat Fac Traps Triggered 2 | . 2 . . . Indirectly . | . . . . . Trap Hack Attempts . | . . . . . Triggered . | . . . . . Disarmed . | . . . . . Reprogrammed . | . . . . . Reused . | . . . . . Traps Extracted . | . . . . . Installed . | . . . . . Triggered . | . . . . . Machines | -11 -10 -9 -8 -7 ---------- Run | Yrd Mat Mat Mat Fac Machines Disabled 10 | . . 4 3 3 Max in Single Turn 3 | . . 2 2 3 Machines Repaired . | . . . . . Machines Dismantled . | . . . . . Machines Sabotaged . | . . . . . Overloaded Fab Kills . | . . . . . Hacking | -11 -10 -9 -8 -7 --------- Run | Yrd Mat Mat Mat Fac Machines Accessed 5 | . 2 2 . 1 Terminals 3 | . 2 1 . . Fabricators 1 | . . . . 1 Repair Stations . | . . . . . Recycling Units . | . . . . . Scanalyzers 1 | . . 1 . . Garrison Access . | . . . . . Total Hacks 10 | . 3 6 . 1 Successful 9 | . 2 6 . 1 Failed 1 | . 1 . . . Catastrophic . | . . . . . Database Lockouts . | . . . . . Manual 1 | . . 1 . . Terminals 4 | . 3 1 . . Fabricators 1 | . . . . 1 Repair Stations . | . . . . . Recycling Units . | . . . . . Scanalyzers 5 | . . 5 . . Garrison Access . | . . . . . Terminal Hacks 3 | . 2 1 . . Locate Traps 1 | . . 1 . . Zone Layout 2 | . 2 . . . Fabricator Hacks 1 | . . . . 1 Build 1 | . . . . 1 Repair Station Hacks . | . . . . . Recycling Unit Hacks . | . . . . . Scanalyzer 5 | . . 5 . . Insert Component 2 | . . 2 . . Analyze 2 | . . 2 . . Retrieve Study 1 | . . 1 . . Garrison Access Hacks . | . . . . . Unauthorized Hacks . | . . . . . Terminals . | . . . . . Fabricators . | . . . . . Repair Stations . | . . . . . Recycling Units . | . . . . . Scanalyzers . | . . . . . Garrison Access . | . . . . . Data Cores Recovered . | . . . . . Used . | . . . . . Hacking Detections 2 | . 2 . . . Full Trace Events . | . . . . . Feedback Events . | . . . . . Feedback Blocked . | . . . . . Robot Schematics Acquired . | . . . . . Robots Built . | . . . . . Authchips . | . . . . . Time . | . . . . . Total Robot Build Rating . | . . . . . Part Schematics Acquired 2 | . . 2 . . Parts Built 2 | . . . . 2 Authchips . | . . . . . Time 117 | . . . . 117 Total Part Build Rating 14 | . . . . 14 Part Studies Acquired 1 | . . 1 . . Parts Repaired . | . . . . . Time . | . . . . . Parts Recycled . | . . . . . Recycled Matter . | . . . . . Retrieved Matter . | . . . . . Retrieved Components . | . . . . . Parts Scanalyzed 2 | . . 2 . . Part Schematics Acquired 2 | . . 2 . . Parts Damaged . | . . . . . Bothacking | -11 -10 -9 -8 -7 ------------ Run | Yrd Mat Mat Mat Fac Used RIF Installer . | . . . . . Robots Hacked 1 | . . . 1 . Non-combat . | . . . . . Combat 1 | . . . 1 . Robot Hacks Applied 1 | . . . 1 . parse_system 1 | . . . 1 . Relay Couplers Released . | . . . . . Fabnet Peak Effective % . | . . . . . Robots Rewired . | . . . . . Allies Hacked . | . . . . . Hacks Repelled . | . . . . . Allies | -11 -10 -9 -8 -7 -------- Run | Yrd Mat Mat Mat Fac Total Allies . | . . . . . Largest Group . | . . . . . Highest-Rated Group . | . . . . . Highest-Rated Ally . | . . . . . Total Orders . | . . . . . Ally Attacks . | . . . . . Total Damage . | . . . . . Kills . | . . . . . Allies Corrupted . | . . . . . Allies Melted . | . . . . . Intel | -11 -10 -9 -8 -7 ------- Run | Yrd Mat Mat Mat Fac Active Infowar (turns) 1480 | . . 1111 369 . Terrain 1479 | . . 1110 369 . Seismic 376 | . . 376 . . Robot Analysis Total . | . . . . . Derelict Logs Recovered . | . . . . . Drone Launches . | . . . . . Drone Recoveries . | . . . . . Exploration | -11 -10 -9 -8 -7 ------------- Run | Yrd Mat Mat Mat Fac Turns Passed 3806 | 93 651 1146 1216 700 Spaces Moved 921 | 54 232 265 266 104 Core 7 | 5 . . 1 1 Treads 33 | . . . 33 . Legs 881 | 49 232 265 232 103 Wheels . | . . . . . Hover . | . . . . . Flight . | . . . . . Fastest Speed 50 | 50 120 400 320 400 Average Speed 348 | 148 237 400 399 437 Slowest Speed 2800 | 190 400 400 1500 2800 Overloaded Moves . | . . . . . Propulsion Burnouts . | . . . . . Robots Hopped . | . . . . . Potential Cave-ins . | . . . . . Cave-ins Triggered 1 | . . 1 . . Exploration Rate (%) 18 | 4 36 30 19 4 Regions Visited 4 Branch Regions . Pre-discovered Areas . | . . . . . Known Exits Taken . | . . . . . Unknown Exits Taken 4 | 1 1 1 1 . Scrap Searched . | . . . . . Spaces Dug 21 | . . 11 10 . Terrain Destroyed 217 | . . 70 97 50 Melee . | . . . . . Projectile . | . . . . . AOE 217 | . . 70 97 50 Terrain Rammed . | . . . . . Walls Destroyed . | . . . . . Machines Disabled . | . . . . . Actions | -11 -10 -9 -8 -7 --------- Run | Yrd Mat Mat Mat Fac Total 1393 | 67 292 313 384 337 Wait 261 | . 12 3 37 209 Move 917 | 53 231 264 265 104 Hop . | . . . . . Pick Up 65 | 9 15 14 22 5 Fast Attach . | . . . . . Attach 43 | 5 2 7 23 6 Detach . | . . . . . Swap 13 | . 5 4 3 1 Drop 6 | . 5 . 1 . Fire 86 | . 22 21 31 12 Melee 1 | . . . 1 . Ram . | . . . . . Kick 1 | . . . 1 . Crush . | . . . . . Escape Stasis . | . . . . . Rewire . | . . . . . Trap . | . . . . . Miscellaneous . | . . . . . Route ------- -11/Scrapyard -10/Materials -9/Materials -8/Materials -7/Factory History --------- Turn | Location | Event 2 | -11/Scrapyard | Met Revision 17 7 | -11/Scrapyard | Discovered new exit (range 15) 94 | -11/Scrapyard | Entered Materials 316 | -10/Materials | Build established: Mutant 623 | -10/Materials | Discovered new exit (range 16) 745 | -10/Materials | Entered another Materials area 745 | -9/Materials | Evolved 2 slots: Utility x2 1559 | -9/Materials | Discovered new exit (range 11) 1856 | -9/Materials | Crushed by falling debris 1858 | -9/Materials | Core integrity fell below 50% 1887 | -9/Materials | Lost 3 parts (1n1u1w) 1891 | -9/Materials | Entered another Materials area 1891 | -8/Materials | Evolved 2 slots: Power x1, Propulsion x1 2194 | -8/Materials | Build established: Scavenger-Mutant 2533 | -8/Materials | Core integrity fell below 50% 2589 | -8/Materials | Lost 18 parts (5p6n2u5w) 2687 | -8/Materials | Core integrity fell below 20% 2711 | -8/Materials | Lost 3 parts (1p2n) 2764 | -8/Materials | Build established: Mutant 3016 | -8/Materials | Discovered new exit (range 10) 3064 | -8/Materials | Build established: Scavenger-Mutant 3107 | -8/Materials | Entered Factory 3107 | -7/Factory | Evolved 2 slots: Propulsion x1, Utility x1 3369 | -7/Factory | Fabricated Matter Neutralizer (x2) 3758 | -7/Factory | Core integrity fell below 50% 3796 | -7/Factory | Core integrity fell below 20% 3807 | -7/Factory | Destroyed by Y-54 Guardian with Flak Gun Last Messages --------------- 03781_ K-01 Serf collects debris. 03782_ U-05 Engineer lays Concrete. 03782_ K-01 Serf collects debris. 03783_ U-05 Engineer lays Concrete. 03783_ K-01 Serf collects debris. 03784_ U-05 Engineer lays Concrete. 03785_ K-01 Serf collects debris. 03786_ The unstable cave ceiling collapses. 03786_ K-01 Serf collects debris. 03786_ Matter Neutralizer destroyed. 03786_ U-05 Engineer lays Concrete. 03789_ K-01 Serf collects debris. 03789_ U-05 Engineer lays Concrete. 03792_ U-05 Engineer builds a Wall. 03799_ K-01 Serf collects debris. 03800_ U-05 Engineer builds a Wall. 03803_ K-01 Serf collects debris. 03805_ U-05 Engineer lays Concrete. 03806_ K-01 Serf collects debris. 03807_ U-05 Engineer lays Concrete. Map ----- +----------------------------------------------------+ | ?????????????????????????????????????????????????? | | ?????????????????????????????????????????????????? | | ?????????????????????????????????????????????????? | | ?????????????????????????????????????????????????? | | ?????????????????????????????????????????????????? | | ?????????????????????????????????????????????????? | | ?????????????????????????????????????????????????? | | ?????????????????????????????????????????????????? | | ?????????????????????????????????????????????????? | | ?????????????????????????????????????????????????? | | ??????????????????????? ?????????????????????? | | ?????????????????????# !???????????????????? | | ????????????????????? ! ?????????????????? | | ???????????????????## ! ????????????????? | | ???????????????????# # ???????????????? | | ??????????????????## #k #??????????????? | | ##????????????????# #??????????????? | | #????????????????# # #??????????????? | | #???????????????## # #??????????????? | | #???????????????# #??????????????? | | #???????????????# #??????????????? | | #???????????????# #????"?????????? | | #######################Y############ ?????????? | | # =g kk "?????????? | | # =% "?????????? | | # % u !@g *= ""????????? | | + u %= ???????? | | # = ???????? | | # ###### #### ########+##### ????????? | | ## #?? #????????????????????????? | | # ## """ #????????????????????????? | | # ## "Y" #????????????????????????? | | # ## "" #????????????????????????? | | + ## """" #????????????????????????? | | # ## """" #????????????????????????? | | # ## """" [ #????????????????????????? | | # #????"" #????????????????????????? | | # #?????" !#????????????????????????? | | ## #????? #????????????????????????? | | # #????? #????????????????????????? | | + #????? ?????????????????????????? | | # #?????#####????????????????????????????? | | # #??????????????????????????????????????? | | # #??????????????????????????????????????? | | ###### #??????????????????????????????????????? | | #????? #??????????????????????????????????????? | | #?????? #??????????????????????????????????????? | | #?????? #??????????????????????????????????????? | | #??????? #??????????????????????????????????????? | | #??????? #??????????????????????????????????????? | +----------------------------------------------------+ Best States ------------- Heat Dissipation 34 Energy Generation 23 Energy Capacity 550 Matter Stores 300 Matter Capacity 350 Sight Range 16 Terrain Scan Range 14 Terrain Scan Density 85 Resistance: KI 20 Resistance: TH 20 Resistance: EX 20 Resistance: EM 20 Resistance: I 20 Resistance: S 20 Resistance: P 20 Core Shielding 20 Evasion (%) 55 Recoil Reduction 3 Offensive Hacking 10 Item Schematics ----------------- Ion Engine | -9/Materials | Scanalyzed Aluminum Leg | -9/Materials | Scanalyzed Robot Schematics ------------------ None Fabricated ------------ Matter Neutralizer | x2 | -7/Factory | Preloaded Repaired ---------- Nothing Studied --------- Assault Rifle | -9/Materials | Hacked Alien Tech Used ----------------- None Achievements -------------- Close Call Hydra Item+ Resistances Are Futile Tank That Tickles Challenges ------------ None Game ------ Seed FactoryPropulsionObliterator Manual? 0 Play Time 00:26:58 Cumulative 27.7 hours Start 2025.11.24 @ 09:21:05 End 2025.11.24 @ 09:49:33 Sessions 1 Manual Loads 0 Difficulty Adventurer Special Mode None Game No. 56 Rogue 19 Adventurer 37 Explorer 0 Win Type - Total 0 Types 0/0/0/0/0/0/0/0/0/0 Lore% 9 Gallery% 24 Achievement% 15 Wizard Run 0 Options --------- Layout 0 ASCII 0 Keyboard 0 Movement Mouse Keybinds 0 Fullscreen 1 Font 18/SmallcapsGlow Map View 76x50 Zoom Use 3% Tactical HUD 1 Map Filters NONE Filters NONE Steam 1 RUN: ea5fc58a-d981-4fcb-ab56-8d0a437b7d29